[Event "Team 45 45 League T35"]
[Site "Internet Chess Club"]
[Date "2007.10.21"]
[Round "1"]
[White "Rainbird"]
[Black "smitty120"]
[Result "0-1"]
[WhiteElo "1788"]
[BlackElo "1955"]
[Opening "English opening"]
[ECO "A05"]
[Time "12:07:13"]
[TimeControl "2700+45"]

1. Nf3 Nf6 2. c4 d5 3. cxd5 Nxd5 4. e4 Nf6 5. Nc3 c6 6. d4 Bg4 7. Bc4 e6 8. O-O
Bb4 9. Qd3 Nbd7 10. a3 Be7 11. h3 Bh5 12. Rd1 O-O 13. Bf4 Nb6 14. Bb3 c5 15.
dxc5 Bxc5 16. Rac1 Qxd3 17. Rxd3 Bg6 18. Re1 Rac8 19. Nh4 Rcd8 20. Rxd8 Rxd8 21.
Nxg6 hxg6 22. Bc2 Nc4 23. Bc1 a6 24. Kf1 b5 25. f3 Nh5 26. Rd1 Rc8 27. b3 Nxa3
28. Bxa3 Bxa3 29. Nb1 Bb4 30. Bd3 Nf4 31. Kf2 Bc5+ 32. Kg3 g5 33. Nc3 Bf2+ 34.
Kxf2 Rxc3 35. Bf1 Rxb3 36. Ra1 Rb2+ 37. Kg3 b4 38. Rxa6 b3 39. h4 Rb1 40. Bc4 b2
41. hxg5 Ra1 42. Ba2 Rxa2 43. Rxa2 b1=Q 44. Ra8+ Kh7 45. Kxf4 Qc1+ 46. Kg3 Qxg5+
47. Kf2 Qd2+ 48. Kg3 Kg6 49. Kh3 Kf6 50. Kg3 g5 51. Kh3 Qf4 52. g3 Qxf3 53. e5+
Kxe5 54. Ra5+ Kf6 55. Kh2 Qf2+ 56. Kh3 Qf5+ 57. Rxf5+ Kxf5 {White resigns} 0-1

[Event "Team 45 45 League T35"]
[Site "Internet Chess Club"]
[Date "2007.10.21"]
[Round "1"]
[White "John3v16"]
[Black "DocHoliday"]
[Result "0-1"]
[WhiteElo "1926"]
[BlackElo "1922"]
[Opening "English: Caro-Kann defensive system"]
[ECO "A11"]
[Time "16:03:27"]
[TimeControl "2700+45"]

1. c4 c6 2. Nc3 f5 3. Nf3 Nf6 4. d4 e6 5. e3 d5 6. Bd3 Bd6 7. O-O O-O 8. Qc2 Ne4
9. c5 Bc7 10. b3 Nd7 11. Bb2 g5 12. Ne1 g4 13. f3 Bxh2+ 14. Kxh2 Qh4+ 15. Kg1 g3
{White resigns} 0-1

[Event "Team 45 45 League T35"]
[Site "Internet Chess Club"]
[Date "2007.10.20"]
[Round "1"]
[White "markgravitygood"]
[Black "hewdondada"]
[Result "0-1"]
[WhiteElo "1806"]
[BlackElo "1788"]
[Opening "Scandinavian (center counter) defense"]
[ECO "B01"]
[Time "09:59:34"]
[TimeControl "2700+45"]

1. e4 d5 2. exd5 Qxd5 3. Nf3 Nf6 4. d4 c6 5. Nc3 Qa5 6. Bd2 Bg4 7. Be2 e6 8. O-O
Nbd7 9. h3 Bh5 10. Ne4 Qb6 11. Nxf6+ Nxf6 12. c3 Bd6 13. b4 O-O 14. Bd3 Rfe8 15.
g4 Bg6 16. Qc2 Bxd3 17. Qxd3 Qc7 18. c4 Bf4 19. Bc3 b5 20. Rfe1 Rad8 21. Ne5
Bxe5 22. Rxe5 Qxe5 {White resigns} 0-1

[Event "Team 45 45 League T35"]
[Site "Internet Chess Club"]
[Date "2007.10.25"]
[Round "1"]
[White "ExpertLevel"]
[Black "Budzo"]
[Result "1-0"]
[WhiteElo "1777"]
[BlackElo "1723"]
[Opening "French: exchange variation"]
[ECO "C01"]
[Time "10:36:35"]
[TimeControl "2700+45"]

1. e4 e6 2. d4 d5 3. exd5 exd5 4. Bd3 Nf6 5. Ne2 Be7 6. Ng3 O-O 7. O-O Bg4 8. f3
Be6 9. Nf5 Bxf5 10. Bxf5 Nbd7 11. c3 Bd6 12. Bg5 c6 13. Qc2 Qc7 14. g3 h6 15.
Be3 Rfe8 16. Qf2 Re7 17. Nd2 Rae8 18. Rfe1 Nh5 19. Nf1 Nb6 20. b3 Nd7 21. Kg2
Nhf6 22. Bd2 Rxe1 23. Rxe1 Rxe1 24. Bxe1 Qd8 25. Ne3 Qe7 26. Bd2 Bc7 27. a4 Ne8
28. Bc2 Nd6 29. c4 dxc4 30. bxc4 Qe6 31. Qf1 Ne8 32. d5 cxd5 33. Nxd5 Bd6 34.
Qd3 Nef6 35. Nf4 Bxf4 36. Bxf4 Nc5 37. Qd8+ Ne8 38. Kf2 g6 39. Bxh6 Kh7 40. Be3
b6 41. Qh4+ Kg8 42. Bd4 Ng7 43. Qd8+ Qe8 44. Qc7 Nge6 45. Qe5 Kh7 46. Qh5+
{Black resigns} 1-0

[Event "Team 45 45 League T35"]
[Site "Internet Chess Club"]
[Date "2007.10.20"]
[Round "1"]
[White "GrandPoobah069"]
[Black "RD1974"]
[Result "1/2-1/2"]
[WhiteElo "1622"]
[BlackElo "1595"]
[Opening "Scandinavian: Pytel-Wade variation"]
[ECO "B01"]
[Time "16:03:22"]
[TimeControl "2700+45"]

1. e4 d5 2. exd5 Qxd5 3. Nc3 Qd6 4. d4 Nf6 5. Bc4 a6 6. Nge2 e5 7. d5 Be7 8. Bg5
O-O 9. Qd2 b5 10. Bxf6 bxc4 11. Ne4 Qd8 12. Bxe5 Nd7 13. Bc3 Nc5 14. Nxc5 Bxc5
15. O-O Bb7 16. Rad1 Re8 17. Rfe1 Qh4 18. Ng3 Bd6 19. Re3 Bf4 20. Qd4 Qh6 21.
Nf5 Qxh2+ 22. Kf1 Qh1+ 23. Ke2 Qh5+ 24. f3 Rxe3+ 25. Nxe3 Qg5 26. Kf2 Bxe3+ 27.
Qxe3 Qxe3+ 28. Kxe3 Rd8 29. Ke4 f6 30. Rd2 Kf7 31. g4 Re8+ 32. Kd4 c6 33. d6 Ke6
34. Re2+ Kd7 35. Rxe8 Kxe8 36. f4 c5+ 37. Kxc5 Kd7 38. Bb4 Be4 39. c3 Bb1 40. a3
h5 41. gxh5 Bd3 42. Kd4 Be2 43. a4 Bxh5 44. Kxc4 g5 45. fxg5 fxg5 46. Kd5 g4 47.
Ke4 g3 48. Ke3 Bd1 49. a5 Ba4 50. Kf3 Ke6 51. Kxg3 Ke5 52. b3 Bd7 53. Kf3 Kd5
54. Ke3 Kc6 55. Kd4 Kb5 56. Ke5 Kc6 57. Kf6 Kb7 58. Ke7 Kc8 59. Bc5 Bc6 60. Bb6
Bd7 61. c4 Bc6 62. Bd4 Bd7 63. b4 Bc6 64. Ke6 Bd7+ 65. Kd5 Kb7 66. Kc5 Bc6 67.
b5 axb5 68. cxb5 Bd7 69. a6+ Ka7 70. Kb4+ Kb8 71. Ka5 Bg4 72. Kb6 Ka8 73. Kc7
Bc8 74. d7 Bxd7 75. Kxd7 Kb8 76. b6 Ka8 77. b7+ Kb8 78. Ke6 Kc7 79. Ba7 Kc6 80.
b8=Q {Black stalemated} 1/2-1/2

[Event "Team 45 45 League T35"]
[Site "Internet Chess Club"]
[Date "2007.10.19"]
[Round "1"]
[White "Boromir"]
[Black "chickenhead"]
[Result "1-0"]
[WhiteElo "1994"]
[BlackElo "1875"]
[Opening "French: Steinitz, Boleslavsky variation"]
[ECO "C11"]
[Time "16:57:36"]
[TimeControl "2700+45"]

1. e4 e6 2. d4 d5 3. Nc3 Nf6 4. e5 Nfd7 5. f4 c5 6. Nf3 Nc6 7. Be3 cxd4 8. Nxd4
Nxd4 9. Bxd4 a6 10. Bd3 Nc5 11. O-O Nxd3 12. Qxd3 Bd7 13. Rae1 g6 14. a3 Rc8 15.
Re3 h5 16. Rh3 Qc7 17. Rf2 Qc4 18. Rd2 Qxd3 19. Rdxd3 Bc5 20. Kf2 b5 21. Ne2 Rf8
22. Bxc5 Rxc5 23. Nd4 f6 24. Ke2 fxe5 25. fxe5 Ke7 26. Rhf3 Rcc8 27. Rxf8 Rxf8
28. Rf3 Rxf3 29. Kxf3 g5 30. h4 gxh4 31. Kf4 Be8 32. Kg5 Bf7 33. Kxh4 Kf8 34.
Kg5 Kg7 35. g3 Be8 36. c3 a5 37. Nxe6+ Kf7 38. Nd4 Ke7 39. b4 a4 40. Nf5+ {Black
resigns} 1-0

[Event "Team 45 45 League T35"]
[Site "Internet Chess Club"]
[Date "2007.10.21"]
[Round "1"]
[White "VanillaQueen"]
[Black "ivanson"]
[Result "1/2-1/2"]
[WhiteElo "1883"]
[BlackElo "1873"]
[Opening "Dunst (Sleipner, Heinrichsen) opening"]
[ECO "D00"]
[Time "15:00:28"]
[TimeControl "2700+45"]

1. Nc3 Nf6 2. d4 d5 3. Nf3 g6 4. Bf4 Bg7 5. e3 c6 6. Be2 Nbd7 7. Qd3 O-O 8. h4
h5 9. Ng5 Qe8 10. O-O-O e5 11. dxe5 Nxe5 12. Bxe5 Qxe5 13. Nf3 Qe7 14. Nd4 Ng4
15. Rdf1 Ne5 16. Qd1 Bg4 17. Kb1 Bxe2 18. Qxe2 Rfe8 19. Qd1 Nc4 20. Qd3 Qb4 21.
b3 Ne5 22. Qd2 Nc4 23. Qd3 Ne5 24. Qd2 Nc4 {Game drawn by mutual agreement}
1/2-1/2

[Event "Team 45 45 League T35"]
[Site "Internet Chess Club"]
[Date "2007.10.20"]
[Round "1"]
[White "gagdad"]
[Black "Lazerpawn"]
[Result "1-0"]
[WhiteElo "1704"]
[BlackElo "1691"]
[Opening "French: exchange variation"]
[ECO "C01"]
[Time "12:03:29"]
[TimeControl "2700+45"]

1. e4 e6 2. d4 d5 3. exd5 exd5 4. Nf3 Nf6 5. Bg5 Be7 6. Bd3 Bg4 7. Nbd2 h6 8.
Bh4 Nc6 9. c3 a6 10. O-O Qd7 11. Re1 g5 12. Bg3 O-O-O 13. b4 Na7 14. a4 h5 15.
h3 Bxf3 16. Nxf3 g4 17. Ne5 Qe8 18. Bf5+ Kb8 19. hxg4 hxg4 20. Nxg4 Nxg4 21.
Bxg4 Qf8 22. b5 Bd6 23. Qd3 Qh6 24. Bh3 Bxg3 25. fxg3 a5 26. Qe3 Nc8 27. Qxh6
Rxh6 28. Bxc8 Kxc8 29. Re7 Rf8 30. Rf1 Rg6 31. Rfxf7 Rxf7 32. Rxf7 Rxg3 33. Rf3
Rg4 34. Kf2 c5 35. Rd3 Kd7 36. dxc5 Rxa4 37. Rxd5+ Ke6 38. Rd6+ Ke7 39. Rb6 Ra2+
40. Kg1 a4 41. Rxb7+ Kd8 42. b6 a3 43. Ra7 Ra1+ 44. Kh2 a2 45. c6 Kc8 46. c7 Rb1
47. Ra8+ {Black resigns} 1-0

[Event "Team 45 45 League T35"]
[Site "Internet Chess Club"]
[Date "2007.10.20"]
[Round "1"]
[White "GolfSuper"]
[Black "AlterEgo"]
[Result "1-0"]
[WhiteElo "1678"]
[BlackElo "1570"]
[Opening "Sicilian: Taimanov variation"]
[ECO "B48"]
[Time "06:59:10"]
[TimeControl "2700+45"]

1. e4 c5 2. Nf3 e6 3. d4 cxd4 4. Nxd4 Nc6 5. Nc3 a6 6. Be3 Qc7 7. Qd2 Bb4 8. Be2
Nf6 9. f3 d6 10. O-O Bd7 11. a3 Ba5 12. Kh1 Rc8 13. Nb3 O-O 14. Rfd1 Ne8 15.
Nxa5 Nxa5 16. Bf4 Nc4 17. Bxc4 Qxc4 18. Bxd6 Nxd6 19. Qxd6 Rcd8 20. Rd4 Qc8 21.
Rad1 h6 22. Qb6 Kh7 23. Rd6 Rfe8 24. Qd4 Re7 25. e5 b5 26. Qd3+ Kg8 27. Qd2 Qc4
28. Ne4 Rc8 29. Rxd7 Rxd7 30. Qxd7 Qxc2 31. Qd2 Qxd2 32. Nxd2 Rd8 33. Kg1 Rd5
34. f4 Rd4 35. g3 a5 36. Kf2 b4 37. axb4 Rxb4 38. b3 a4 39. bxa4 Rxa4 {Black
resigns} 1-0

[Event "Team 45 45 League T35"]
[Site "Internet Chess Club"]
[Date "2007.10.20"]
[Round "1"]
[White "Flying-Tiger"]
[Black "andreip"]
[Result "0-1"]
[WhiteElo "1967"]
[BlackElo "2056"]
[Opening "French: classical, Steinitz variation"]
[ECO "C14"]
[Time "08:28:05"]
[TimeControl "2700+45"]

1. e4 e6 2. d4 d5 3. Nc3 Nf6 4. Bg5 Be7 5. e5 Nfd7 6. Bxe7 Qxe7 7. f4 a6 8. Nf3
c5 9. Qd2 Nc6 10. O-O-O b5 11. f5 b4 12. fxe6 fxe6 13. Na4 cxd4 14. Nxd4 Nxd4
15. Qxd4 Qg5+ 16. Kb1 O-O 17. Bd3 Qxe5 18. Qh4 Nf6 19. Rhf1 Ra7 20. g4 g6 21.
Rde1 Qd4 22. h3 Bd7 23. Nc5 Qxc5 24. Rxf6 Rxf6 25. Qxf6 Qf8 26. Qd4 Ra8 27. Rf1
Qe7 28. Rf6 Bb5 29. g5 Bxd3 30. cxd3 Rf8 31. Rxf8+ Qxf8 32. Qe3 Qf5 33. Kc2 e5
34. Kb3 d4 35. Qg3 a5 36. Ka4 Qf4 37. Qg2 e4 38. dxe4 d3 39. e5 b3+ 40. Kxa5
bxa2 41. Qd5+ Qf7 42. Qd8+ Kg7 43. Qf6+ Qxf6 44. gxf6+ Kf7 {White resigns} 0-1

[Event "Team 45 45 League T35"]
[Site "Internet Chess Club"]
[Date "2007.10.20"]
[Round "1"]
[White "viking99"]
[Black "LennyH"]
[Result "1/2-1/2"]
[WhiteElo "1891"]
[BlackElo "1885"]
[Opening "Ruy Lopez: closed, Flohr-Zaitsev system (Lenzerheide variation)"]
[ECO "C92"]
[Time "22:01:26"]
[TimeControl "2700+45"]

1. e4 e5 2. Nf3 Nc6 3. Bb5 a6 4. Ba4 Nf6 5. O-O Be7 6. Re1 b5 7. Bb3 d6 8. c3
O-O 9. h3 Bb7 10. d4 Re8 11. Nbd2 Bf8 12. a4 h6 13. Bc2 exd4 14. cxd4 Nb4 15.
Bb1 c5 16. d5 Nd7 17. Ra3 c4 18. Nd4 Ne5 19. N2f3 Ned3 20. Bxd3 Nxd3 21. Rxd3
cxd3 22. axb5 axb5 23. Qxd3 Qd7 24. Bd2 Rec8 25. Nf5 Ra2 26. Qb3 Rca8 27. N3d4
Ra1 28. Rxa1 Rxa1+ 29. Kh2 Ra4 30. Qd3 Rc4 31. b3 Rc8 32. Qxb5 Qxb5 33. Nxb5 Rd8
34. Bf4 Ba6 35. Nbd4 Kh7 36. Nc6 Rd7 37. Nb8 Ra7 38. Nxd6 Bxd6 39. Bxd6 Bd3 40.
Nc6 Rb7 41. f3 Rxb3 42. Be7 Bb5 43. Nd4 Rb1 44. Nxb5 Rxb5 45. Kg3 f6 46. h4 Kg6
47. Kg4 Kf7 48. Bd6 Rb2 49. g3 Rd2 50. Kf4 Rd3 51. h5 Rd1 52. Bc5 Rd3 53. g4 Rc3
54. Bd6 Rd3 55. Bc5 Rc3 56. Bd6 Rd3 57. Kg3 Rb3 58. Kf4 Rd3 {Game drawn by
repetition} 1/2-1/2

[Event "Team 45 45 League T35"]
[Site "Internet Chess Club"]
[Date "2007.10.20"]
[Round "1"]
[White "eurander"]
[Black "ChessYogi"]
[Result "1-0"]
[WhiteElo "2132"]
[BlackElo "2043"]
[Opening "Torre attack (Tartakower variation)"]
[ECO "D03"]
[Time "10:17:06"]
[TimeControl "2700+45"]

1. d4 d5 2. Nf3 Nf6 3. Bg5 Ne4 4. Bf4 c5 5. e3 Qb6 6. Qc1 Bf5 7. c3 Nc6 8. Nbd2
e6 9. Be2 Be7 10. O-O O-O 11. Nxe4 dxe4 12. Ne5 Rfc8 13. Nd7 Qa5 14. dxc5 Bxc5
15. b4 Bxb4 16. cxb4 Nxb4 17. Qe1 Qa4 18. Bd1 Nc2 19. Bxc2 Rxc2 20. Qb1 b6 21.
Qb3 Qc6 22. Ne5 Qc8 23. g4 Bg6 24. Qb4 f6 25. Nxg6 hxg6 26. Qxe4 e5 27. Bg3 g5
28. Kg2 Rc4 29. Qd5+ Kh8 30. Rfc1 b5 31. Rxc4 bxc4 32. Rc1 c3 33. Rxc3 Qxc3 34.
Qxa8+ Kh7 35. Qxa7 Qc6+ 36. Kh3 Qf3 37. Qd7 Qh1 38. Qd3+ e4 39. Qe2 Qa1 40. Kg2
{Black resigns} 1-0

[Event "Team 45 45 League T35"]
[Site "Internet Chess Club"]
[Date "2007.10.21"]
[Round "1"]
[White "OrangeKing"]
[Black "livis"]
[Result "1/2-1/2"]
[WhiteElo "1760"]
[BlackElo "2013"]
[Opening "Réti: King's Indian attack"]
[ECO "A07"]
[Time "14:07:44"]
[TimeControl "2700+45"]

1. Nf3 d5 2. g3 g6 3. Bg2 Bg7 4. O-O Nf6 5. d4 O-O 6. Nbd2 c6 7. Re1 Bg4 8. e4
dxe4 9. Nxe4 Nbd7 10. c3 Nxe4 11. Rxe4 Nf6 12. Re1 h6 13. Qb3 Bxf3 14. Bxf3 Qd7
15. Bf4 Kh7 16. Be5 a5 17. Re2 e6 18. Rae1 Ng8 19. Bxg7 Kxg7 20. Bg4 b5 21. Qc2
Rae8 22. h4 Nf6 23. Bf3 h5 24. Re5 Rh8 {Game drawn by mutual agreement} 1/2-1/2

[Event "Team 45 45 League T35"]
[Site "Internet Chess Club"]
[Date "2007.10.20"]
[Round "1"]
[White "Morpheous"]
[Black "Bedouksofhazzar"]
[Result "1-0"]
[WhiteElo "1967"]
[BlackElo "1754"]
[Opening "English: symmetrical variation"]
[ECO "A33"]
[Time "08:57:55"]
[TimeControl "2700+45"]

1. c4 c5 2. Nc3 Nc6 3. Nf3 Nf6 4. d4 cxd4 5. Nxd4 e6 6. Bg5 Be7 7. Ndb5 d6 8.
Bxf6 gxf6 9. e4 a6 10. Nd4 Qb6 11. Nxc6 bxc6 12. Qd2 h6 13. Na4 Qc7 14. Be2 Bd7
15. Bh5 Rb8 16. f4 e5 17. fxe5 fxe5 18. O-O Bg5 19. Bxf7+ Ke7 20. Qe2 Rhf8 21.
Bh5 Be6 22. b3 Qd7 23. c5 d5 24. Nb6 Qc7 25. exd5 cxd5 26. b4 Rg8 27. Qxa6 d4
28. Qd3 Rg7 29. Kh1 Rbg8 30. Qe4 Bf4 31. Rxf4 exf4 32. Nd5+ Kd7 33. Nxc7 {Black
resigns} 1-0

[Event "Team 45 45 League T35"]
[Site "Internet Chess Club"]
[Date "2007.10.21"]
[Round "1"]
[White "PrincessChess"]
[Black "rubo"]
[Result "1-0"]
[WhiteElo "1787"]
[BlackElo "1729"]
[Opening "Caro-Kann: Panov-Botvinnik attack, 5...e6"]
[ECO "B14"]
[Time "17:00:09"]
[TimeControl "2700+45"]

1. e4 c6 2. d4 d5 3. exd5 cxd5 4. c4 Nf6 5. Nc3 e6 6. Nf3 Nc6 7. a3 dxc4 8. Bxc4
Be7 9. O-O O-O 10. b4 a6 11. Bb2 b5 12. Bb3 Bb7 13. d5 exd5 14. Nxd5 Nxd5 15.
Qxd5 Qb6 16. Qf5 Rad8 17. Bxg7 Bc8 18. Qe4 Kxg7 19. Rac1 Rd6 20. Rxc6 Qxc6 21.
Qxe7 Rg6 22. Qe5+ Qf6 23. Qe3 Bh3 24. g3 Bxf1 25. Kxf1 Qa1+ 26. Kg2 Qxa3 27.
Qc3+ Rf6 28. Ne5 Rd8 29. Ng4 Rd6 30. Nxf6 Rxf6 31. g4 h6 32. h4 a5 33. g5 hxg5
34. hxg5 Kf8 35. gxf6 Kg8 36. Bxf7+ Kxf7 37. Qxa3 a4 38. Kf3 Kxf6 39. Ke4 Ke6
40. Qa2+ Kf6 41. f4 Ke7 42. Ke5 Ke8 43. Qe6+ Kf8 44. Kf6 a3 45. Qf7# {Black
checkmated} 1-0

[Event "Team 45 45 League T35"]
[Site "Internet Chess Club"]
[Date "2007.10.21"]
[Round "1"]
[White "Lazerpawn"]
[Black "parrot9"]
[Result "0-1"]
[WhiteElo "1675"]
[BlackElo "1706"]
[Opening "Sicilian: Smith-Morra gambit"]
[ECO "B21"]
[Time "08:37:43"]
[TimeControl "2700+45"]

1. e4 c5 2. d4 cxd4 3. c3 Nf6 4. e5 Nd5 5. cxd4 e6 6. Nf3 d6 7. Be2 Nc6 8. O-O
dxe5 9. dxe5 Bb4 10. a3 Ba5 11. Nbd2 O-O 12. Qa4 Bd7 13. Qg4 Bc7 14. Bd3 Bxe5
15. Bxh7+ Kxh7 16. Nxe5 Nxe5 17. Qh5+ Kg8 18. Qxe5 Qf6 19. Qg3 Qf4 20. Qd3 Nf6
21. Re1 Bc6 22. Re3 Rfd8 23. Qe2 Qg4 24. f3 Qd4 25. Kh1 Rac8 26. h3 Bb5 27. Qe1
Rc2 28. Rb1 Rxd2 29. Bxd2 Qxd2 30. Qg1 Nd5 31. Ree1 Qg5 32. Rbd1 Rc8 33. Qd4 Rc2
34. Rg1 Qg3 35. a4 Bc4 36. Rc1 Rxc1 37. Rxc1 Nf4 38. Rc2 Bf1 39. Qg1 Bd3 40. Rd2
Bc4 41. Rc2 Bb3 42. Rc8+ Kh7 43. a5 Ne2 44. Qb1+ f5 45. Rc7 Nf4 46. Qf1 Bd5 47.
b4 Nxh3 48. Rc2 Nf4 49. b5 Nxg2 50. Qg1 Bxf3 51. Qh2+ Nh4+ {White resigns} 0-1

[Event "Team 45 45 League T35"]
[Site "Internet Chess Club"]
[Date "2007.10.19"]
[Round "1"]
[White "OldBoy"]
[Black "Chessadelic"]
[Result "1-0"]
[WhiteElo "1567"]
[BlackElo "1611"]
[Opening "Sicilian defense"]
[ECO "B30"]
[Time "12:58:44"]
[TimeControl "2700+45"]

1. e4 c5 2. Nf3 Nc6 3. Be2 d6 4. O-O Nf6 5. Nc3 g6 6. d4 cxd4 7. Nxd4 e5 8. Nxc6
bxc6 9. Be3 Bg7 10. Qd2 O-O 11. Rfd1 Ne8 12. Na4 Qc7 13. c4 Bb7 14. Rac1 c5 15.
f3 Bc6 16. Nc3 Rd8 17. Bxc5 Rd7 18. Ba3 f5 19. Nd5 Qb7 20. Qe3 Bxd5 21. cxd5 Nc7
22. Rc6 f4 23. Qd3 Rfd8 24. Rdc1 Bf8 25. R1c3 a6 26. Qc2 Nb5 27. Bxb5 Qxb5 28.
Rb3 Qa5 29. Qc3 Qxc3 30. bxc3 a5 31. Ra6 a4 32. Rxa4 Rc8 33. Bb4 Rdc7 34. Ra6
Rd7 35. a4 Be7 36. Ba5 Rc5 37. Rb5 Rc4 38. Bb4 Kf7 39. Rbb6 Rdc7 40. Rc6 R4xc6
41. Rxc6 Rxc6 42. dxc6 Ke8 43. Ba5 h5 44. Bb6 g5 45. a5 d5 46. a6 Bd6 47. a7
{Black resigns} 1-0

[Event "Team 45 45 League T35"]
[Site "Internet Chess Club"]
[Date "2007.10.20"]
[Round "1"]
[White "thalamus"]
[Black "Russellovich"]
[Result "1-0"]
[WhiteElo "1394"]
[BlackElo "1703"]
[Opening "Danish gambit"]
[ECO "C21"]
[Time "10:19:41"]
[TimeControl "2700+45"]

1. e4 e5 2. d4 exd4 3. c3 dxc3 4. Nxc3 Nc6 5. Bc4 Nf6 6. Nf3 d6 7. Qb3 Qd7 8.
Ng5 Ne5 9. Bb5 c6 10. f4 cxb5 11. fxe5 dxe5 12. Be3 h6 13. Rd1 Bd6 14. Rxd6 Qxd6
15. Qxf7+ Kd8 16. Qxg7 Rf8 17. Nf7+ Rxf7 18. Qxf7 Bd7 19. O-O Ng4 20. Qg8+ Kc7
21. Nd5+ Kc6 22. Rc1+ Qc5 23. Rxc5+ Kd6 24. Qxa8 Nxe3 25. Qxa7 Nc4 26. Rxc4 bxc4
27. Qxb7 h5 28. Nf6 Be6 29. Ne8+ Kc5 30. Qe7+ Kd4 31. Qxe6 h4 32. Qg4 h3 33. g3
c3 34. bxc3+ Kc5 35. Qxh3 Kc4 36. a4 Kc5 37. Qh5 Kc6 38. Qxe5 Kb7 39. Qd6 Ka7
40. Kf2 Kb7 41. Ke3 Ka7 42. Kd4 Kb7 43. Ke3 Ka7 44. Qb4 Ka8 45. Kd4 Ka7 46. Kd5
Ka8 47. Kd6 Ka7 48. Kc7 Ka6 49. Qb6# {Black checkmated} 1-0

[Event "Team 45 45 League T35"]
[Site "Internet Chess Club"]
[Date "2007.10.21"]
[Round "1"]
[White "rkaebi"]
[Black "nathesh"]
[Result "1-0"]
[WhiteElo "1397"]
[BlackElo "1399"]
[Opening "Four knights: Scotch, 4...exd4"]
[ECO "C47"]
[Time "14:02:46"]
[TimeControl "2700+45"]

1. e4 e5 2. Nf3 Nc6 3. Nc3 Nf6 4. d4 exd4 5. Nxd4 Bb4 6. Nxc6 bxc6 7. Qf3 O-O 8.
Bg5 d5 9. e5 Re8 10. Qg3 Qe7 11. f4 Bg4 12. Bxf6 Qxf6 13. Qxg4 Rxe5+ 14. fxe5
Qxe5+ 15. Kd2 Re8 16. Kc1 Qe1+ 17. Qd1 Qh4 18. Bd3 d4 19. Ne2 Qg5+ 20. Kb1 Rb8
21. a3 Bc3 22. Nxc3 dxc3 23. b3 a5 24. a4 c5 25. Bc4 Qf4 26. Qe2 Kf8 27. Rf1 Qd4
28. Rxf7+ Kg8 29. Rd7+ Kh8 30. Rxd4 cxd4 31. Qe4 c5 32. Bd3 g6 33. Qe5+ {Black
resigns} 1-0

[Event "Team 45 45 League T35"]
[Site "Internet Chess Club"]
[Date "2007.10.21"]
[Round "1"]
[White "Budzo"]
[Black "BHogan"]
[Result "0-1"]
[WhiteElo "1738"]
[BlackElo "1605"]
[Opening "King's Indian: orthodox, Aronin-Taimanov, bayonet attack"]
[ECO "E97"]
[Time "10:02:51"]
[TimeControl "2700+45"]

1. Nf3 Nf6 2. c4 g6 3. d4 Bg7 4. Nc3 O-O 5. e4 d6 6. Be2 e5 7. O-O Nc6 8. d5 Ne7
9. b4 Nd7 10. Qb3 f5 11. exf5 Nxf5 12. Bb2 a5 13. a3 Nf6 14. c5 Nh5 15. Ne4 Nf4
16. Bc4 h6 17. cxd6 Nxd6 18. Ned2 e4 19. Bxg7 Kxg7 20. Nd4 Qg5 21. Qg3 Nh3+ 22.
gxh3 Qxd2 23. Qe5+ Kh7 24. Bb3 Bxh3 25. Ra2 Qd3 26. Rd1 Qa6 27. Rc2 Rf7 28. Rdc1
Qb6 29. bxa5 Rxa5 30. a4 c5 31. dxc6 Rxe5 32. Bxf7 Rg5+ 33. Kh1 Qxd4 34. cxb7
Bg2+ 35. Kg1 Bf3+ 36. Kf1 Qd3+ {White resigns} 0-1

[Event "Team 45 45 League T35"]
[Site "Internet Chess Club"]
[Date "2007.10.20"]
[Round "1"]
[White "smsxman"]
[Black "Lionskins"]
[Result "1-0"]
[WhiteElo "1487"]
[BlackElo "1530"]
[Opening "Sicilian: Smith-Morra gambit"]
[ECO "B21"]
[Time "12:02:15"]
[TimeControl "2700+45"]

1. e4 c5 2. d4 cxd4 3. c3 dxc3 4. Nxc3 e6 5. Nf3 h6 6. Bf4 Qb6 7. Nb5 Bb4+ 8.
Nd2 d6 9. Be2 a6 10. Nc3 Bc5 11. O-O Bd7 12. Nc4 Qc6 13. Bxd6 Bxd6 14. Nxd6+ Ke7
15. e5 Ra7 16. Bf3 Qc5 17. Nxb7 Qxe5 18. Re1 Qxe1+ 19. Qxe1 Nf6 20. Qe5 Rg8 21.
Qc5+ Ke8 22. Qxa7 Nc6 23. Bxc6 Bxc6 24. Nd6+ {Black resigns} 1-0

[Event "Team 45 45 League T35"]
[Site "Internet Chess Club"]
[Date "2007.10.21"]
[Round "1"]
[White "Visin"]
[Black "Mutaant"]
[Result "0-1"]
[WhiteElo "1338"]
[BlackElo "1454"]
[Opening "English opening"]
[ECO "A21"]
[Time "13:45:46"]
[TimeControl "2700+45"]

1. c4 e5 2. Nc3 Bc5 3. e4 Nc6 4. Nf3 d6 5. Be2 Nf6 6. d3 h6 7. O-O O-O 8. Na4
Bd4 9. Nxd4 Nxd4 10. b3 a5 11. Bb2 Nxe2+ 12. Qxe2 Bd7 13. d4 Qe7 14. d5 Bxa4 15.
bxa4 Qe8 16. Qc2 Nd7 17. Rac1 Nc5 18. f4 f6 19. Ba3 Nxa4 20. fxe5 fxe5 21. Rxf8+
Kxf8 22. c5 Ra6 23. c6 b5 24. Rf1+ Kg8 25. Qf2 Ra8 26. Bc1 Qg6 27. Qe3 Nc5 28.
Re1 Rf8 29. g3 Qg4 30. Bd2 b4 31. a3 Rf3 32. Qe2 Nd3 33. Rb1 Nf4 34. Bxf4 exf4
35. Qd2 fxg3 36. hxg3 Rxa3 37. Qf4 Rxg3+ 38. Qxg3 Qxg3+ {White resigns} 0-1

[Event "Team 45 45 League T35"]
[Site "Internet Chess Club"]
[Date "2007.10.20"]
[Round "1"]
[White "alegro"]
[Black "Gregorio"]
[Result "1-0"]
[WhiteElo "2146"]
[BlackElo "2054"]
[Opening "Scotch: Potter variation"]
[ECO "C45"]
[Time "23:15:10"]
[TimeControl "2700+45"]

1. e4 e5 2. Nf3 Nc6 3. d4 exd4 4. Nxd4 Bc5 5. Nb3 Bb6 6. Nc3 Nf6 7. Qe2 d6 8.
Be3 Be6 9. O-O-O Qe7 10. f3 Na5 11. Nxa5 {Black resigns} 1-0

[Event "Team 45 45 League T35"]
[Site "Internet Chess Club"]
[Date "2007.10.21"]
[Round "1"]
[White "Folgers"]
[Black "SONIA"]
[Result "1-0"]
[WhiteElo "2013"]
[BlackElo "1961"]
[Opening "Levitsky attack (Queen's bishop attack)"]
[ECO "D00"]
[Time "14:26:04"]
[TimeControl "2700+45"]

1. d4 d5 2. Bg5 c6 3. e3 Nd7 4. Bd3 Ngf6 5. Nd2 e5 6. Bf5 e4 7. Ne2 h6 8. Bh4
Be7 9. c4 Nf8 10. Bxc8 Qxc8 11. Bxf6 Bxf6 12. Rc1 Qd7 13. cxd5 cxd5 14. Qb3 Ne6
15. O-O O-O 16. Rc3 Bd8 17. Rfc1 Ba5 18. R3c2 Kh7 19. Nf1 a6 20. a3 f5 21. Nf4
Nxf4 22. exf4 Rfd8 23. Rc5 b5 24. Ne3 Bd2 25. R1c2 Bxe3 26. fxe3 Ra7 27. Qb4 Qf7
28. Qa5 Rdd7 29. Rc6 Qh5 30. Qd2 Qf7 31. Qc1 g5 32. Qf1 g4 33. Qe1 Rdc7 34. Qc3
Rd7 35. g3 a5 36. Qc5 Rab7 37. b3 a4 38. b4 Kg7 39. Rc8 Re7 40. Qc6 Red7 41. Rc5
Kh7 42. Qa6 Kg7 43. Rxb5 Ra7 44. Qc6 Rac7 45. Rxc7 Rxc7 46. Qxd5 Rc1+ 47. Kf2
Rc2+ 48. Ke1 Qxd5 49. Rxd5 Rc3 50. Kd2 Rd3+ 51. Ke2 Rxa3 52. Rxf5 Rb3 53. Ra5 a3
54. Kd1 Rxe3 55. b5 Rd3+ 56. Ke2 Rxd4 57. Rxa3 Rb4 58. Ra7+ Kg6 59. Ra6+ Kf5 60.
Rxh6 Rb2+ 61. Ke3 Rb3+ 62. Kd4 Rd3+ 63. Kc4 Rd2 64. Rh5+ Kf6 65. Re5 Rxh2 66.
Rxe4 Rc2+ 67. Kb4 Rb2+ 68. Kc5 Rb3 69. b6 Rxg3 70. b7 Rc3+ 71. Kb5 Kf5 72. Rb4
{Black resigns} 1-0